 Zot Defence DCSS version 0.13-a0-2995-g9a84c3d (webtiles) character file.

1556 Misa the Caregiver (level 8, 0/58 (69) HPs)
             Began as a Naga Healer on Sept 8, 2013.
             Was a Follower of Elyvilon.
             Slain by a troll skeleton (6 damage)
             ... in the Realm of Zot (Scenario IV: Columnade).
             The game lasted 00:15:30 (1377 turns).

Misa the Caregiver (Naga Healer)                    Turns: 1377, Time: 00:15:30

HP   0/58 (69)   AC  4     Str 14      XL: 8   Next: 76%
MP  16/19        EV 12     Int 15      God: Elyvilon [*.....]
Gold 100         SH  0     Dex 11      Spells:  0 memorised,  7 levels left

Res.Fire  : . . .   See Invis. : +     - Unarmed
Res.Cold  : . . .   Warding    : .   a - +1 robe
Life Prot.: . . .   Conserve   : .   (no shield)
Res.Poison: +       Res.Corr.  : .   (no helmet)
Res.Elec. : .       Clarity    : .   (no cloak)
Sust.Abil.: . .     Spirit.Shd : .   (no gloves)
Res.Mut.  : .       Stasis     : .   (no barding)
Res.Rott. : .       Flight     : .   (no amulet)
Saprovore : . . .                    (no ring)
                                     (no ring)

@: short of breath, very slow, somewhat resistant to hostile enchantments,
unstealthy
A: spit poison, see invisible, deformed body, poison resistance, slowness 2, AC
+2
a: Make dart trap, Make oklob sapling, Make arrow trap, Make plant, Remove
Curse, Make burning bush, Make altar, Make grenades, Make oklob plant, Make net
trap, Spit Poison, Lesser Healing, Lesser Self-Healing, Divine Protection,
Renounce Religion


You were in the Realm of Zot.
You worshipped Elyvilon.
Elyvilon was most pleased with you.
You were not hungry.

You visited 1 branch

Inventory:

Armour
 a - a +1 robe (worn)
Comestibles
 d - 2 bread rations
Scrolls
 h - a scroll of blinking
Potions
 b - 4 potions of curing
 e - a potion of speed
 f - 2 potions of magic
 g - a potion of berserk rage


   Skills:
 + Level 3.4 Fighting
 + Level 5.7 Dodging
 + Level 2.4 Unarmed Combat
 + Level 8.8 Invocations


You had 7 spell levels left.
You didn't know any spells.

Dungeon Overview and Level Annotations

Branches:
    Zot (1/1)

Altars:


Innate Abilities, Weirdness & Mutations

You cannot wear boots.
You can spit poison.
Your serpentine skin is tough (AC +2).
You have supernaturally acute eyesight.
Armour fits poorly on your strangely shaped body.
Your system is resistant to poisons.
You cover ground very slowly.


Message History

The crimson imp wields an orcish whip.
The troll skeleton bites you. The troll skeleton barely misses you.
The troll skeleton claws you.
* * * LOW HITPOINT WARNING * * *
Your oklob sapling throws acid at the crimson imp.
The splash of acid hits the crimson imp.
The crimson imp dies!
Use which ability? (? or * to list)
Press: ? - help, Shift-Dir - straight line, f - troll skeleton, p - orc priest
Aim: a troll skeleton The splash of poison hits the troll skeleton.
The troll skeleton completely resists.
The crimson imp picks up an uncursed dagger.
Your oklob plant throws acid at the troll skeleton.
The splash of acid hits the troll skeleton.
Your oklob sapling throws acid at the troll skeleton.
The splash of acid hits the troll skeleton.
The troll skeleton barely misses you. The troll skeleton claws you!
* * * LOW HITPOINT WARNING * * *
The troll skeleton claws you.
You die...

######### ##### ##P..P..P##
##### #∆∆∆# ##....%....## #"[}#
#∆∆∆## #....g).....# ##="∆#
##########..%.Z@%Z.%.##########
##....%5...%%%.%%.%....##
#...%%%....P....%.%...#
#...####.....o.####%..#
##...####.....####...##
##...####...####...##
##...#########...## ##...##
##...## ##...## ##...##


You could see a crimson imp, a hobgoblin, a hippogriff skeleton, a troll
skeleton, a neutral orc priest (wandering), a friendly oklob plant, a friendly
burning bush and 2 friendly oklob saplings.

Vanquished Creatures
  A giant frog (Zot)
  A hound (Zot)
  An orc wizard (Zot)
  2 bats (Zot)
  2 giant cockroaches (Zot)
  A goblin (Zot)
  A jackal (Zot)
  2 ball pythons (Zot)
  A rat (Zot)
12 creatures vanquished.

Vanquished Creatures (collateral kills)
  A hell hound (Zot)
  A centaur (Zot)
  4 phantoms (Zot)
  A giant frog (Zot)
  4 hounds (Zot)
  A scorpion (Zot)
  A crimson imp (Zot)
  A giant frog skeleton (Zot)
  An orange rat (Zot)
  A sheep (Zot)
  Terence (Zot)
  2 hound skeletons (Zot)
  3 green rats (Zot)
  2 adders (Zot)
  A giant mite (Zot)
  A worm (Zot)
  4 grey rats (Zot)
  5 giant cockroaches (Zot)
  6 goblins (Zot)
  3 hobgoblins (Zot)
  12 jackals (Zot)
  An ooze (Zot)
  A quokka (Zot)
  A ball python (Zot)
  18 bats (Zot)
  2 giant newts (Zot)
  11 kobolds (Zot)
  An orc skeleton (Zot)
  19 rats (Zot)
110 creatures vanquished.

Vanquished Creatures (others)
  2 oklob saplings (Zot)
  A ball python (Zot)
  A goblin (Zot)
  A giant newt (Zot)
  A kobold (Zot)
  2 rats (Zot)
8 creatures vanquished.

Grand Total: 130 creatures vanquished

Notes
Turn   | Place    | Note
--------------------------------------------------------------
     0 | Zot      | Misa, the Naga Healer, began the quest for the Orb.
     0 | Zot      | Reached XP level 1. HP: 19/19 MP: 2/2
     9 | Zot      | saturine: BILD UKRAL
    41 | Zot      | saturine: Zot
   238 | Zot      | Reached XP level 2. HP: 16/26 MP: 2/4
   284 | Zot      | Reached XP level 3. HP: 8/21 MP: 4/6
   364 | Zot      | Reached skill level 5 in Invocations
   364 | Zot      | Reached XP level 4. HP: 8/29 MP: 8/8
   556 | Zot      | Noticed Phudghaobe
   564 | Zot      | Killed Phudghaobe the centaur
   564 | Zot      | Reached skill level 1 in Unarmed Combat
   564 | Zot      | Reached skill level 6 in Invocations
   564 | Zot      | Reached XP level 5. HP: 32/35 MP: 6/11
   639 | Zot      | Reached XP level 6. HP: 43/43 MP: 13/13
   686 | Zot      | Noticed Terence
   714 | Zot      | Killed Terence
   740 | Zot      | HP: 2/43 [giant frog (9)]
   867 | Zot      | Reached skill level 7 in Invocations
   880 | Zot      | Reached XP level 7. HP: 50/50 MP: 16/16
  1186 | Zot      | Reached skill level 8 in Invocations
  1186 | Zot      | Reached XP level 8. HP: 27/58 MP: 9/18
  1262 | Zot      | Reached skill level 5 in Dodging
  1377 | Zot      | Slain by a troll skeleton

Action                   |  1- 3 |  4- 6 |  7- 9 || total
-------------------------+-------+-------+-------++-------
Melee: Unarmed           |    32 |    22 |    30 ||    84
Invok: Lesser Healing    |     6 |    11 |    10 ||    27
       Lesser Self-Heali |     1 |     4 |    13 ||    18
 Abil: Spit Poison       |     3 |     2 |     6 ||    11
       Make oklob saplin |     1 |     1 |     2 ||     4
       Make burning bush |       |     1 |       ||     1
       Make oklob plant  |       |       |     1 ||     1
  Use: Potion            |       |     1 |     1 ||     2
 Stab: Distracted        |     1 |       |     2 ||     3
